 Dungeon Crawl Stone Soup version 0.30.0-15-g856e2d3f33 (webtiles) character file.

Game seed: 2563525427345326931

32 qw the Chopper (level 3, -1/23 HPs)
             Began as a Gargoyle Fighter on May 21, 2023.
             Killed from afar by Sigmund (5 damage)
             ... with a puff of flame
             ... on level 2 of the Dungeon.
             The game lasted 00:00:28 (1090 turns).

qw the Chopper (Gargoyle Fighter)                   Turns: 1090, Time: 00:00:29

Health: -1/23      AC: 11    Str: 21    XL:     3   Next: 27%
Magic:  3/3        EV:  9    Int:  8    God:
Gold:   50         SH:  4    Dex:  9    Spells: 2/2 levels left

rFire   . . .        Y - +0 war axe
rCold   . . .        c - +0 buckler
rNeg    + . .        b - +0 scale mail
rPois   inf          (no helmet)
rElec   +            (no cloak)
rCorr   .            f - +0 pair of gloves
SInv    .            (no boots)
Will    .....        (no amulet) Stlth
                     (no ring)
HPRegen 0.23/turn    (no ring)
MPRegen 0.08/turn

%: no passive effects
@: no status effects
A: sickness immunity, AC +3, negative energy resistance 1, electricity
resistance, torment resistance 1, petrification resistance
a: no special abilities


You were on level 2 of the Dungeon.
You visited 1 branch of the dungeon, and saw 2 of its levels.

You collected 50 gold pieces.


Innate Abilities, Weirdness & Mutations

You are immune to sickness and miasma.
Your stone body is resilient. (AC +3)
You are immune to poison.
You resist negative energy. (rN+)
You are resistant to electric shocks. (rElec)
You are resistant to unholy torment.
You are immune to petrification.


   Skills:
 - Level 3.2 Fighting
 + Level 3.3 Axes
 - Level 3.2 Armour
 - Level 3.2 Shields


You had 2 spell levels left.
You didn't know any spells.
Your spell library was empty.

Inventory:

Hand Weapons
 h - a +0 whip
 Y - a +0 war axe (weapon)
Armour
 b - a +0 scale mail (worn)
 c - a +0 buckler (worn)
 f - a +0 pair of gloves (worn)
Scrolls
 i - a scroll of identify
Potions
 d - a potion of might
 e - a potion of mutation
 j - a potion of lignification {unknown}
 k - a potion of degeneration {unknown}

Dungeon Overview and Level Annotations

Branches:
Dungeon (2/15)

Altars:
Dithmenos

Annotations:
D:2 Sigmund


Message History

You swing at nothing.
Something hits you but does no damage.
You swing at nothing.
You hear a zap.
A puff of flame appears from out of thin air!
The puff of flame hits you but does no damage.
You swing at nothing.
Something hits you but does no damage.
You swing at nothing.
Something hits you but does no damage.
You swing at nothing.
Something hits you.
You swing at nothing.
You hear a zap.
A puff of flame appears from out of thin air!
The puff of flame hits you.
You swing at nothing.
Something hits you but does no damage.
You swing at nothing.
You hear some strange, mumbled words.
You are confused.
Something hits you!
You see here a +0 dagger.
You're too confused to move!
Something hits you.
You completely miss something. Something hits you but does no damage.
Something hits you.
A magic dart appears from out of thin air!
The magic dart hits you.
You bump into the rock wall.
You feel less confused. Something hits you but does no damage.
You swing at nothing.
Something hits you but does no damage.
You swing at nothing.
You hear a zap.
A puff of flame appears from out of thin air!
The puff of flame hits you.
You die...

################.##
#.........@#.......
#.########.){...!..
####%####
###.##...#
#.......# .# .
#.##.##.# .#
#.##.##.# ..
#.##.##.# ##
#.##%##.# #.......#


There were no monsters in sight!

Vanquished Creatures
  A dart slug (D:1)
  2 ball pythons (D:1)
  3 endoplasms (D:1)
  2 giant cockroaches
  2 goblins (D:1)
  2 hobgoblins (D:1)
  4 jackals (D:1)
  4 kobolds
  A quokka (D:1)
  A bat (D:1)
  2 frilled lizards (D:1)
  A rat (D:2)
25 creatures vanquished.

Notes
Turn   | Place    | Note
-------+----------+-------------------------------------------
     0 | D:1      | qw the Gargoyle Fighter began the quest for the Orb.
     0 | D:1      | Reached XP level 1. HP: 14/14 MP: 1/1
     0 | D:1      | 0 ||| qw: Version: 0.2-a-98-g270134b
     0 | D:1      | 0 ||| qw: Game counter: 4
     0 | D:1      | 0 ||| qw: Always use a shield: true
     0 | D:1      | 0 ||| qw: God list: Okawaru
     0 | D:1      | 0 ||| qw: Allow faded altars: false
     0 | D:1      | 0 ||| qw: Do Orc after D:15 true
     0 | D:1      | 0 ||| qw: Do second Lair branch before Depths: true
     0 | D:1      | 0 ||| qw: Lair rune preference: random
     0 | D:1      | 0 ||| qw: Plans: Normal, Zot:1-4, God:TSO, Crypt, Tomb,
                  | Pan, Slime:5, Hells, Abyss, Win
     0 | D:1      | 0 ||| PLANNING D:1-11
   129 | D:1      | 129 ||| Stepping ~*~*~tactically~*~*~ (stealth).
   183 | D:1      | Reached XP level 2. HP: 18/19 MP: 2/2
   213 | D:1      | 213 ||| Stepping ~*~*~tactically~*~*~ (hiding).
   215 | D:1      | 215 ||| Stepping ~*~*~tactically~*~*~ (stealth).
   247 | D:1      | 247 ||| Stepping ~*~*~tactically~*~*~ (stealth).
   251 | D:1      | 251 ||| Stepping ~*~*~tactically~*~*~ (stealth).
   252 | D:1      | 252 ||| Stepping ~*~*~tactically~*~*~ (stealth).
   254 | D:1      | 254 ||| Stepping ~*~*~tactically~*~*~ (stealth).
   357 | D:1      | 357 ||| Stepping ~*~*~tactically~*~*~ (stealth).
   367 | D:1      | Reached skill level 3 in Axes
   410 | D:1      | Reached XP level 3. HP: 20/23 MP: 3/3
   777 | D:1      | Found a faded altar of an unknown god.
   866 | D:1      | 866 ||| UPGRADING to +0 pair of gloves.
   871 | D:1      | 871 ||| READING scroll labelled SEMIHY RIORR.
   872 | D:1      | 872 ||| READING 3 scrolls labelled HOATWA XUMNEJ.
   873 | D:1      | 873 ||| READING 2 scrolls of identify.
   873 | D:1      | 873 ||| IDENTIFYING grey potion
   889 | D:2      | 889 ||| Stepping ~*~*~tactically~*~*~ (hiding).
   994 | D:2      | Found a shadowy altar of Dithmenos.
  1065 | D:2      | Noticed Sigmund
  1085 | D:2      | HP: 3/23 [something (3)]
  1090 | D:2      | Killed from afar by Sigmund

Levels and vault maps discovered:
D:1:      scummos_arrival_simple_crosswalls, layout_basic,
          basic_ecumenical_altar, chequers_serial_rivers_room_b,
          ebering_dispersal_statue_hall, minmay_misc_feat_five
D:2:      layout_loops_cross, basic_altar, uniq_sigmund

Skill      XL: |  1  2 |
---------------+-------+-----
Axes           | 2 3 |  3.3
Fighting       | |  3.2
Armour         | |  3.2
Shields        | |  3.2

Action                     || total
---------------------------++-------
  Melee: War axe           ||    65
    Use: Scroll            ||     3
 Armour: Scale mail        ||    47
  Dodge: Dodged            ||    29
  Block: Buckler           ||    13

Table legend:
 A = Non-vault XP
 B = Vault XP
 C = Vault XP percentage of total XP
 D = Non-vault monster count
 E = Vault monster count
 F = Vault count percentage of total count
                 A         B        C        D         E       F
            +---------+---------+-------+---------+---------+-------
      Total |      47 |       0 |   0.0 |      25 |       0 |   0.0
            +---------+---------+-------+---------+---------+-------
        D:1 |      40 |       0 |   0.0 |      21 |       0 |   0.0
        D:2 |       7 |       0 |   0.0 |       4 |       0 |   0.0
            +---------+---------+-------+---------+---------+-------
